 Dungeon Crawl Stone Soup version 0.27-a0-1590-g15f69828bf (webtiles) character file.

Game seed: 14578071030579876874

73 Sin92 the Skirmisher (level 4, 0/35 HPs)
             Began as a Demonspawn Fighter on July 18, 2021.
             Slain by a rat (3 damage)
             ... on level 3 of the Dungeon.
             The game lasted 00:01:56 (1944 turns).

Sin92 the Skirmisher (Demonspawn Fighter)           Turns: 1944, Time: 00:01:57

Health: 0/35       AC:  6    Str: 18    XL:     4   Next: 8%
Magic:  4/4        EV:  7    Int:  9    God:
Gold:   1781       SH:  9    Dex: 12    Spells: 3/3 levels left

rFire    . . .     SeeInvis .   a - +0 trident
rCold    . . .     Faith    .   c - +0 kite shield
rNeg     . . .     Spirit   .   b - +0 scale mail
rPois    .         Reflect  .   (no helmet)
rElec    .         Harm     .   (no cloak)
rCorr    .         Rampage  .   (no gloves)
Will     .....                  (no boots)
Stlth    ..........             (no amulet)
HPRegen  0.11/turn              (no ring)
MPRegen  0.09/turn              (no ring)

@: mighty, slowed, very slow
A: powered by death 1
a: no special abilities


You were on level 3 of the Dungeon.
You visited 1 branch of the dungeon, and saw 3 of its levels.

You collected 1781 gold pieces.

Inventory:

Hand Weapons
 a - a +0 trident (weapon)
Armour
 b - a +0 scale mail (worn)
 c - a +0 kite shield (worn)
Scrolls
 e - a scroll of enchant weapon {unknown}
 i - a scroll of identify
 j - a scroll of enchant armour {unknown}
 m - a scroll of magic mapping
Potions
 g - a potion of brilliance {unknown}
 h - a potion of flight {unknown}
 l - a potion of degeneration {unknown}
 o - a potion of heal wounds {unknown}
 p - a potion of lignification {unknown}


   Skills:
 + Level 3.3 Fighting
 * Level 2.7 Polearms
 + Level 3.0 Armour
 + Level 1.2 Dodging
 + Level 3.0 Shields


You had 3 spell levels left.
You didn't know any spells.
Your spell library contained the following spells:

 Spells                   Type           Power      Damage    Failure   Level
 Animate Skeleton         Necr           0%         N/A       99%         1
 Beastly Appendage        Tmut           0%         N/A       99%         1
 Pain                     Necr           0%         1d4       99%         1
 Wereblood                Tmut           0%         N/A       100%        2
 Spider Form              Tmut/Pois      0%         N/A       100%        3
 Vampiric Draining        Necr           0%         2d6       100%        3


Dungeon Overview and Level Annotations

Branches:
Dungeon (3/15)

Altars:

Annotations:
D:3 Jessica


Innate Abilities, Weirdness & Mutations

You regenerate a little health from kills.


Message History

Jessica points at you and mumbles some strange words.
You feel yourself slow down. The rat bites you.
Unknown command.
You hit the rat but do no damage.
Jessica gestures wildly while chanting.
Jessica seems to speed up.
You block the rat's attack. The rat bites you.
Unknown command.
You hit Jessica but do no damage. You block Jessica's attack.
Jessica gestures at you while chanting. Pain shoots through your body!
The rat barely misses you. Jessica hits you with a +0 club.
The rat completely misses you.
Unknown command.
You hit Jessica but do no damage.
Jessica grins evilly.
Jessica hits you but does no damage. Jessica hits you with a +0 club.
The rat bites you. You block Jessica's attack.
The rat bites you but does no damage.
Jessica grins evilly.
You block Jessica's attack.
You are too injured to fight recklessly!
You are too injured to fight recklessly!
Unknown command.
You are too injured to fight recklessly!
Unknown command.
You feel very mighty all of a sudden. You block Jessica's attack.
The rat barely misses you.
Jessica very coldly says, "I hate your company."
Jessica gestures at you while chanting. Pain shoots through your body!
* * * LOW HITPOINT WARNING * * *
The rat bites you but does no damage.
It was a potion of curing.
You feel better. You block Jessica's attack. x2
The rat bites you.
* * * LOW HITPOINT WARNING * * *
You feel better. Jessica gestures at you while chanting.
Pain shoots through your body!
* * * LOW HITPOINT WARNING * * *
The rat bites you.
You die...

#. #....## ..#
####..# #..# ##.##
...######..#
#.........##########
########...........#
#<##........#
#.##.@......#
#.....@.....#
####...r....#
#....[...#
#........#
#........#
#........#
#........#
##########


You could see Jessica (fast) and a rat.

Vanquished Creatures
  3 adders (D:2)
  2 dart slugs (D:1)
  5 bats
  2 endoplasms (D:1)
  2 giant cockroaches
  4 goblins
  4 hobgoblins
  3 jackals (D:1)
  4 kobolds (D:1)
  A quokka (D:2)
  4 ball pythons
  A frilled lizard (D:2)
  3 rats
38 creatures vanquished.

Notes
Turn   | Place    | Note
-------+----------+-------------------------------------------
     0 | D:1      | Sin92 the Demonspawn Fighter began the quest for the Orb.
     0 | D:1      | Reached XP level 1. HP: 18/18 MP: 1/1
     3 | D:1      | Noticed an electric eel
     4 | D:1      | Noticed an electric eel
   130 | D:1      | Gained mutation: You regenerate a little health from kills.
                  | [demonic ancestry]
   130 | D:1      | Reached XP level 2. HP: 18/24 MP: 2/2
   415 | D:1      | Reached XP level 3. HP: 28/29 MP: 3/3
   876 | D:2      | Reached skill level 1 in Dodging
  1362 | D:2      | Reached XP level 4. HP: 35/35 MP: 4/4
  1596 | D:2      | Found a faded altar of an unknown god.
  1666 | D:2      | Identified a scroll of acquirement
  1666 | D:2      | Acquired 664 gold pieces
  1840 | D:3      | Acquired 966 gold pieces
  1905 | D:3      | Noticed Jessica
  1942 | D:3      | HP: 1/35 [Jessica/nerve-wracking pain (12)]
  1944 | D:3      | Slain by a rat

Illustrated notes

Levels and vault maps discovered:
D:1:      arrival_aquarium_b, layout_loops_ring
D:2:      layout_loops_corners, chequers_ecumenical_altar_twisty
D:3:      layout_rooms, minmay_pentomino_pile, uniq_jessica

Skill      XL: |  1  2  3 |
---------------+----------+-----
Polearms       | 2 |  2.7
Dodging        | 1 |  1.2
Shields        | 3 |  3.0
Armour         | 3 |  3.0
Fighting       | |  3.3

Action                   |  1- 3 |  4- 6 || total
-------------------------+-------+-------++-------
Melee: Trident           |    91 |    12 ||   103
  Use: Scroll            |       |     5 ||     5
       Potion            |       |     3 ||     3
Armor: Scale mail        |    42 |     6 ||    48
Dodge: Dodged            |    16 |     7 ||    23
Block: Kite shield       |    24 |    12 ||    36

Table legend: (Time is in decaauts)
 A = Elapsed time spent in this place.
 B = Non-inter-level travel time spent in this place.
 C = Inter-level travel time spent in this place.
 D = Time resting spent in this place.
 E = Time spent auto-exploring this place.
 F = Levels seen in this place.
 G = Mean time per level.
                   A        B        C        D        E       F      G
               +--------+--------+--------+--------+--------+-----+--------+
         Total |   1991 |   1949 |     42 |      0 |   1698 |   3 |  663.7 |
       Dungeon |   1991 |   1949 |     42 |      0 |   1698 |   3 |  663.7 |
               +--------+--------+--------+--------+--------+-----+--------+

Top non-repeatable levels by time:
     D:2: 1078 daAuts
     D:1: 798 daAuts
     D:3: 114 daAuts
